 Dungeon Crawl Stone Soup version 0.30.0-15-g856e2d3f33 (webtiles) character file.

Game seed: 15160974481386337501

446 qw the Chopper (level 7, -1/43 HPs)
             Began as a Gargoyle Fighter on May 18, 2023.
             Was an Initiate of Okawaru.
             Slain by an ogre
             ... wielding a +0 giant club
              (15 damage)
             ... on level 4 of the Dungeon.
             The game lasted 00:01:36 (3727 turns).

qw the Chopper (Gargoyle Fighter)                   Turns: 3727, Time: 00:01:37

Health: -1/43      AC: 11    Str: 21 (22) XL:     7   Next: 3%
Magic:  7/7        EV:  9    Int:  6      God:    Okawaru [......]
Gold:   378        SH:  4    Dex:  7 (9)  Spells: 6/6 levels left

rFire   + . .        Y - +0 war axe
rCold   . . .        c - +0 buckler
rNeg    + . .        b - +0 scale mail
rPois   inf          (no helmet)
rElec   +            (no cloak)
rCorr   +            (no gloves)
SInv    .            (no boots)
Will    +....        (no amulet)
Stlth   +            n - ring of willpower
HPRegen 0.27/turn    f - ring of resist corrosion
MPRegen 0.10/turn

%: no passive effects
@: no status effects
A: sickness immunity, AC +4, negative energy resistance 1, electricity
resistance, torment resistance 1, petrification resistance, camouflage 1, dopey
1, fire resistance 1, passive freeze
a: Renounce Religion


You were on level 4 of the Dungeon.
You worshipped Okawaru.
Okawaru was noncommittal.
You visited 2 branches of the dungeon, and saw 6 of its levels.

You collected 378 gold pieces.


Innate Abilities, Weirdness & Mutations

You are immune to sickness and miasma.
Your stone body is resilient. (AC +4)
You are immune to poison.
You resist negative energy. (rN+)
You are resistant to electric shocks. (rElec)
You are resistant to unholy torment.
You are immune to petrification.
Your skin changes colour to match your surroundings (Stealth+).
You are dopey. (Int -2)
Your flesh is heat resistant. (rF+)
A frigid envelope surrounds you and freezes all who hurt you.


   Skills:
 - Level 4.0 Fighting
 + Level 6.0 Axes
 - Level 3.2 Armour
 - Level 1.4 Dodging
 - Level 3.2 Shields


You had 6 spell levels left.
You didn't know any spells.
Your spell library was empty.

Inventory:

Hand Weapons
 e - a +0 flail
 Y - a +0 war axe (weapon)
Armour
 b - a +0 scale mail (worn)
 c - a +0 buckler (worn)
Jewellery
 f - a ring of resist corrosion (right hand)
 n - a ring of willpower (left hand)
Scrolls
 a - a scroll of identify
 j - 2 scrolls of teleportation
 p - a scroll of enchant armour
Potions
 d - 2 potions of might
 g - 2 potions of heal wounds
 i - 3 potions of lignification
 o - 4 potions of curing

Dungeon Overview and Level Annotations

Branches:
Dungeon (5/15)             Temple (1/1) D:4

Altars:
Ashenzari
Cheibriados
Dithmenos
Elyvilon
Kikubaaqudgha
Nemelex Xobeh
Okawaru
Qazlal
Ru
Sif Muna
Vehumet
Wu Jian
Xom
Zin

Annotations:
D:2 1 runed translucent door, Crazy Yiuf
D:3 2 transporters, qw's ghost, amateur GrCA


Message History

Okawaru accepts your kill.
Your Axes skill increases to level 6!
You have reached level 7!
You start resting.
HP restored.
Partly explored, can't reach some places.
(D) Dungeon (T) Temple
Where to? (* - list waypoints, Enter - D:5, ? - help)
What level of the Dungeon? (default 1, ? - help)
You climb downwards.
The phantom hits you but does no damage.
The phantom completely resists.
The ogre hits you with a +0 giant club!
The ogre is very cold.
The ogre is lightly wounded.
There is a stone staircase leading up here.
3723 ||| STAIRDANCE The phantom hits you but does no damage.
The phantom completely resists.
You block the ogre's attack.
You climb upwards.
There is a stone staircase leading down here.
You hit the ogre.
The ogre is moderately wounded.
You hit the phantom.
The phantom hits you but does no damage.
The phantom resists.
The phantom is very cold.
The phantom is moderately damaged.
You closely miss the ogre.
The ogre is moderately wounded.
You closely miss the phantom.
The phantom hits you but does no damage.
The phantom resists.
The phantom is very cold.
The phantom is moderately damaged.
The ogre hits you with a +0 giant club!
The ogre is very cold.
The ogre is heavily wounded.
The phantom hits you but does no damage.
The phantom completely resists.
You slash the ogre!
The ogre is almost dead.
You closely miss the phantom. The ogre hits you with a +0 giant club!
You die...

##.##.####.......#
#.........####...#
#..##.###.# ##...## #..##.#
#.###.....##
#..##.###.##.......########
#.......(............>.....
#.###.###.##.......########
#.# #.###W###....<.....<.#
#.###.....@O.....#######.#
#.........#####.## #.#
########### #.# #.# #.# #.#
#.########.# #..........##
##########... #.## #.##


You could see an ogre and a phantom.

Vanquished Creatures
  A scorpion (D:4)
  A howler monkey (D:4)
  2 hounds (D:4)
  A jelly (D:4)
  Jessica (D:2)
  An iguana (D:4)
  2 orc wizards (D:3)
  9 adders
  A worm (D:2)
  4 dart slugs
  4 orcs
  5 ball pythons
  7 endoplasms
  4 giant cockroaches
  7 goblins
  5 hobgoblins
  6 jackals
  A quokka (D:1)
  3 bats
  4 frilled lizards
  6 kobolds
  5 rats
80 creatures vanquished.

Notes
Turn   | Place    | Note
-------+----------+-------------------------------------------
     0 | D:1      | qw the Gargoyle Fighter began the quest for the Orb.
     0 | D:1      | Reached XP level 1. HP: 14/14 MP: 1/1
     0 | D:1      | 0 ||| qw: Version: 0.2-a-96-gf055678
     0 | D:1      | 0 ||| qw: Game counter: 80
     0 | D:1      | 0 ||| qw: Always use a shield: true
     0 | D:1      | 0 ||| qw: God list: Okawaru
     0 | D:1      | 0 ||| qw: Allow faded altars: false
     0 | D:1      | 0 ||| qw: Do Orc after D:15 true
     0 | D:1      | 0 ||| qw: Do second Lair branch before Depths: true
     0 | D:1      | 0 ||| qw: Lair rune preference: random
     0 | D:1      | 0 ||| qw: Plans: Normal, Zot:1-4, God:TSO, Crypt, Tomb,
                  | Pan, Slime:5, Hells, Abyss, Win
     0 | D:1      | 0 ||| PLANNING D:1-11
   100 | D:1      | Reached skill level 2 in Axes
   428 | D:1      | Reached XP level 2. HP: 17/19 MP: 2/2
   778 | D:1      | 778 ||| Stepping ~*~*~tactically~*~*~ (stealth).
   915 | D:1      | 915 ||| UPGRADING to ring of willpower.
   916 | D:1      | 916 ||| READING scroll labelled WOESUC MUEMO.
   917 | D:1      | 917 ||| READING scroll labelled IMEAHI HOTS.
   918 | D:1      | 918 ||| READING scroll labelled TIMAGI PEOD.
   921 | D:1      | 921 ||| DRINKING 2 sedimented brown potions.
   921 | D:1      | Gained mutation: Your muscles are strong. (Str +4, Int/Dex
                  | -1) [potion of mutation]
   921 | D:1      | Gained mutation: You occasionally lose the ability to drink
                  | potions when taking damage. [potion of mutation]
   921 | D:1      | Gained mutation: You sometimes lose your temper in combat.
                  | [potion of mutation]
   922 | D:1      | 922 ||| DRINKING potion of mutation.
   922 | D:1      | Lost mutation: Your muscles are strong. (Str +4, Int/Dex
                  | -1) [potion of mutation]
   922 | D:1      | Lost mutation: You occasionally lose the ability to drink
                  | potions when taking damage. [potion of mutation]
   922 | D:1      | Gained mutation: You occasionally lose the ability to drink
                  | potions when taking damage. [potion of mutation]
   923 | D:1      | 923 ||| DRINKING 2 murky orange potions.
   958 | D:2      | Noticed Jessica
   958 | D:2      | Found a faded altar of an unknown god.
   965 | D:2      | Killed Jessica
   966 | D:2      | Reached skill level 3 in Axes
   966 | D:2      | Reached XP level 3. HP: 18/23 MP: 3/3
  1007 | D:2      | 1007 ||| Stepping ~*~*~tactically~*~*~ (stealth).
  1009 | D:2      | 1009 ||| Stepping ~*~*~tactically~*~*~ (stealth).
  1012 | D:2      | Reached XP level 4. HP: 26/28 MP: 4/4
  1050 | D:2      | 1050 ||| DRINKING potion of mutation.
  1050 | D:2      | Lost mutation: You occasionally lose the ability to drink
                  | potions when taking damage. [potion of mutation]
  1050 | D:2      | Lost mutation: You sometimes lose your temper in combat.
                  | [potion of mutation]
  1050 | D:2      | Gained mutation: A frigid envelope surrounds you and
                  | freezes all who hurt you. [potion of mutation]
  1050 | D:2      | Gained mutation: You are dopey. (Int -2) [potion of
                  | mutation]
  1050 | D:2      | Gained mutation: Your flesh is heat resistant. (rF+)
                  | [potion of mutation]
  1050 | D:2      | Gained mutation: Your skin changes colour to match your
                  | surroundings (Stealth+). [potion of mutation]
  1061 | D:2      | 1061 ||| Stepping ~*~*~tactically~*~*~ (stealth).
  1068 | D:2      | Reached skill level 4 in Axes
  1134 | D:2      | 1134 ||| Stepping ~*~*~tactically~*~*~ (stealth).
  1481 | D:2      | Found a runed translucent door.
  1482 | D:2      | Noticed Crazy Yiuf
  1627 | D:2      | 1627 ||| UPGRADING to ring of resist corrosion.
  1628 | D:2      | 1628 ||| READING scroll labelled JOKEVE LIPLUIMM.
  1649 | D:2      | 1649 ||| READING scroll labelled WABBOWNEBA.
  1650 | D:2      | 1650 ||| READING 2 scrolls labelled SOIGRI CEUGIAB.
  1651 | D:2      | 1651 ||| READING scroll labelled YVON NYDWIM.
  1652 | D:2      | 1652 ||| DRINKING 2 fuming green potions.
  1653 | D:2      | 1653 ||| READING 3 scrolls of identify.
  1653 | D:2      | 1653 ||| IDENTIFYING bubbling sapphire potion
  1654 | D:2      | 1654 ||| READING 2 scrolls of identify.
  1654 | D:2      | 1654 ||| IDENTIFYING coppery potion
  1655 | D:2      | 1655 ||| DROPPING potion of brilliance.
  1656 | D:2      | 1656 ||| DROPPING potion of magic.
  1709 | D:3      | Reached XP level 5. HP: 32/32 MP: 5/5
  1723 | D:3      | 1723 ||| DROPPING +0 whip.
  1870 | D:3      | Identified the +0 spear of the Fray {flame, +Blink Will+}
  1922 | D:3      | 1922 ||| Stepping ~*~*~tactically~*~*~ (hiding).
  2091 | D:3      | 2091 ||| Stepping ~*~*~tactically~*~*~ (hiding).
  2100 | D:3      | Reached skill level 5 in Axes
  2213 | D:3      | Noticed an ogre
  2215 | D:3      | Noticed qw's ghost (amateur GrCA)
  2216 | D:3      | Found a transporter.
  2216 | D:3      | Noticed an ogre
  2225 | D:3      | 2225 ||| DRINKING 4 glowing clear potions.
  2242 | D:3      | Found a snail-covered altar of Cheibriados.
  2631 | D:4      | 2631 ||| Stepping ~*~*~tactically~*~*~ (stealth).
  2657 | D:4      | 2657 ||| Stepping ~*~*~tactically~*~*~ (stealth).
  2663 | D:4      | 2663 ||| Stepping ~*~*~tactically~*~*~ (stealth).
  2777 | D:4      | 2777 ||| Stepping ~*~*~tactically~*~*~ (hiding).
  2790 | D:4      | 2790 ||| Stepping ~*~*~tactically~*~*~ (stealth).
  2800 | D:4      | Reached skill level 1 in Dodging
  2800 | D:4      | Reached XP level 6. HP: 34/38 MP: 6/6
  2844 | D:4      | Found a staircase to the Ecumenical Temple.
  2845 | D:4      | 2845 ||| PLANNING TEMPLE
  2845 | D:4      | 2845 ||| READING scroll labelled VUNIES KUEWNAUWA.
  2846 | D:4      | 2846 ||| READING scroll labelled ZOGAD RUUBUPA.
  2847 | D:4      | 2847 ||| DRINKING 2 bubbling green potions.
  2848 | D:4      | 2848 ||| DRINKING 2 viscous inky potions.
  2849 | D:4      | 2849 ||| DROPPING potion of degeneration.
  2850 | D:4      | 2850 ||| DROPPING potion of flight.
  2860 | Temple   | Entered the Ecumenical Temple
  2871 | Temple   | 2871 ||| PLANNING OKAWARU WORSHIP
  2965 | Temple   | Became a worshipper of Warmaster Okawaru
  2965 | Temple   | 2965 ||| PLANNING D:1-11
  3386 | D:4      | 3386 ||| DROPPING orb of guile.
  3439 | D:3      | Found a transporter.
  3685 | D:5      | Entered Level 5 of the Dungeon
  3691 | D:5      | 3691 ||| STAIRDANCE
  3695 | D:4      | Reached skill level 6 in Axes
  3695 | D:4      | Reached XP level 7. HP: 36/43 MP: 7/7
  3723 | D:5      | 3723 ||| STAIRDANCE
  3727 | D:4      | Slain by an ogre

Levels and vault maps discovered:
D:1:      matt_arrival_diagonals, layout_loops_corners
D:2:      layout_rooms, basic_ecumenical_altar, uniq_crazy_yiuf_cottage,
          uniq_jessica
D:3:      layout_loops_ring, lemuel_crystal_altar, gammafunk_ghost_smash,
          serial_bayou_pond_a
D:4:      layout_loops_ring, temple_statues, saegor_snake_ambush
D:5:      layout_rooms, lightli_temple_of_fire, serial_bayou_pond_c
Temple:   dshaligram_water_room_temple

Skill      XL: |  1  2  3  4  5  6 |
---------------+-------------------+-----
Axes           | 2 3 4 5 6 |  6.0
Fighting       | 4 |  4.0
Dodging        | 1 |  1.4
Armour         | |  3.2
Shields        | |  3.2

Action                     |  1- 3 |  4- 6 |  7- 9 || total
---------------------------+-------+-------+-------++-------
  Melee: War axe           |    68 |    97 |     3 ||   168
    Use: Scroll            |     3 |     8 |       ||    11
         Potion            |     3 |     5 |       ||     8
 Armour: Scale mail        |    48 |    47 |     5 ||   100
  Dodge: Dodged            |    25 |    33 |       ||    58
  Block: Buckler           |    16 |    13 |     1 ||    30

Table legend:
 A = Non-vault XP
 B = Vault XP
 C = Vault XP percentage of total XP
 D = Non-vault monster count
 E = Vault monster count
 F = Vault count percentage of total count
                 A         B        C        D         E       F
            +---------+---------+-------+---------+---------+-------
      Total |     561 |      77 |  12.1 |      76 |       4 |   5.0
            +---------+---------+-------+---------+---------+-------
        D:1 |      21 |       0 |   0.0 |      13 |       0 |   0.0
        D:2 |      81 |      37 |  31.4 |      23 |       1 |   4.2
        D:3 |     110 |       0 |   0.0 |      18 |       0 |   0.0
        D:4 |     330 |      40 |  10.8 |      18 |       3 |  14.3
        D:5 |      19 |       0 |   0.0 |       4 |       0 |   0.0
            +---------+---------+-------+---------+---------+-------
